 Dungeon Crawl Stone Soup version 0.28.0-43-g3370ac3207 (webtiles) character file.

Game seed: 3397320997451471990

3 NoSkeletonsAllowed the Conjurer (level 1, 0/10 HPs)
             Began as a Tengu Conjurer on Mar 12, 2022.
             Slain by a goblin
             ... wielding a +0 dagger
              (2 damage)
             ... on level 1 of the Dungeon.
             The game lasted 00:00:49 (232 turns).

NoSkeletonsAllowed the Conjurer (Tengu Conjurer)     Turns: 232, Time: 00:00:50

Health: 0/10       AC:  2    Str:  7    XL:     1   Next: 50%
Magic:  0/4        EV: 12    Int: 18    God:
Gold:   0          SH:  0    Dex: 12    Spells: 3/4 levels left

rFire   . . .      SeeInvis .   (no weapon)
rCold   . . .      Faith    .   (no shield)
rNeg    + . .      Spirit   .   a - +0 robe
rPois   .          Reflect  .   (helmet restricted)
rElec   .          Harm     .   (no cloak)
rCorr   .          Rampage  .   (no gloves)
Will    .....                   (boots unavailable)
Stlth   ++........              (no amulet)
HPRegen 0.03/turn               b - ring of positive energy
MPRegen 0.09/turn               (no ring)

@: no status effects
A: beak, talons 3
a: no special abilities


You were on level 1 of the Dungeon.
You visited 1 branch of the dungeon, and saw 1 of its levels.

Inventory:

Armour
 a - a +0 robe (worn)
Jewellery
 b - a ring of positive energy (left hand)


   Skills:
 + Level 2.2 Dodging
 + Level 2.0 Stealth
 + Level 2.0 Spellcasting
 + Level 5.5 Conjurations


You had 3 spell levels left.
You knew the following spells:

 Your Spells              Type           Power      Damage    Failure   Level
a - Magic Dart            Conj           84%        1d7       1%          1

Your spell library contained the following spells:

 Spells                   Type           Power      Damage    Failure   Level
 Searing Ray              Conj           42%        2d6       2%          2
 Dazzling Flash           Conj/Hex       22%        N/A       17%         3
 Fulminant Prism          Conj/Hex       5%         3d7       50%         4
 Iskenderun's Mystic Bla  Conj/Tloc      11%        2d4       50%         4


Dungeon Overview and Level Annotations

Branches:
Dungeon (1/15)

Altars:


Innate Abilities, Weirdness & Mutations

You have a beak for a mouth.
You have claws for feet.


Message History

Magic restored.
You start waiting.
Done waiting.
The hobgoblin shouts!
You hear a shout!
Found 21 sling bullets.
A goblin comes into view. It is wielding a +0 dagger.
The hobgoblin closely misses you.
You barely miss the hobgoblin. Your kick misses the hobgoblin.
The hobgoblin hits you.
Ouch! That really hurt!
You hit the hobgoblin but do no damage. The hobgoblin hits you.
* * * LOW HITPOINT WARNING * * *
Things that are here:
a +0 club; a goblin corpse; a quokka corpse
Aiming: Magic Dart (safe; 1% risk of failure)
Press: ? - help, Q - select action Shift-Dir - straight line, f - hobgoblin
Aim: a hobgoblin (100% to hit)
The magic dart hits the hobgoblin.
The hobgoblin is moderately wounded.
The hobgoblin barely misses you.
Aiming: Magic Dart (safe; 1% risk of failure)
Press: ? - help, Q - select action Shift-Dir - straight line, f/p - hobgoblin
Aim: a hobgoblin (moderately wounded, 100% to hit)
The magic dart hits the hobgoblin.
The hobgoblin is severely wounded.
The hobgoblin hits you.
* * * LOW HITPOINT WARNING * * *
Aiming: Magic Dart (safe; 1% risk of failure)
Press: ? - help, Q - select action Shift-Dir - straight line, f/p - hobgoblin
Aim: a hobgoblin (severely wounded, 100% to hit)
The magic dart hits the hobgoblin.
The hobgoblin is almost dead.
The hobgoblin completely misses you.
Aiming: Magic Dart (safe; 1% risk of failure)
Press: ? - help, Q - select action Shift-Dir - straight line, f/p - hobgoblin
Aim: a hobgoblin (almost dead, 100% to hit)
The magic dart hits the hobgoblin.
You kill the hobgoblin!
The goblin hits you with a +0 dagger.
You die...

. #.# ..#####.# ..
........# ...
(......$# ....
........# #....
#.......######......
#.......#....#......
....................
#.......#...@#..
#########.)g.#
#....# #####....#
#........#
#.######## #.# #.#
#.#


You could see a goblin.

Vanquished Creatures
  A hobgoblin (D:1)
  A quokka (D:1)
  A goblin (D:1)
3 creatures vanquished.

Notes
Turn   | Place    | Note
-------+----------+-------------------------------------------
     0 | D:1      | NoSkeletonsAllowed the Tengu Conjurer began the quest for
                  | the Orb.
     0 | D:1      | Reached XP level 1. HP: 10/10 MP: 4/4
   232 | D:1      | Slain by a goblin

Illustrated notes

Levels and vault maps discovered:
D:1:      elethiomel_arrival_shortcut, layout_basic, hex_intersection

Action                   || total
-------------------------++-------
Melee: Unarmed           ||     4
       Peck              ||     1
 Cast: Magic Dart        ||     7
Armor: Robe              ||     1
Dodge: Dodged            ||     9
